Map: Templo Congelado

Players

TheZergLord - Winner!

  • Race: Zerg Zerg
  • League: Master

Kenaya

  • Race: Zerg Zerg
  • League: Master

VOD

Have the link to the VOD?

Description

Time

  • Played on: May 5, 2016, 2:24 p.m.
  • Length: 10:28
Show
View Real Time Build Order
Export as new Build Order

TheZergLord Zerg - Winner!

Build Orders: Hatch First, Zergling Baneling 

Get SALT Encoding   

  12  0:01  Drone  
  13  0:13  Overlord  
  13  0:18  Drone  
  14  0:33  Drone x2  
  16  0:36  Drone  
  17  0:53  Hatchery  
  17  0:56  Drone  
  17  1:10  Spawning Pool  
  16  1:13  Extractor  
  16  1:15  Drone  
  16  1:19  Drone  
  16  1:23  Drone  
  18  1:29  Drone  
  19  1:43  Overlord  
  19  1:58  Queen  
  19  1:59  Zergling x2  
  22  2:03  Baneling Nest  
  22  2:06  Spine Crawler, Zergling x2  
  22  2:08  Zergling x2  
  22  2:17  Zergling x4  
  24  2:28  Zergling x4  
  26  2:34  Queen  
  27  2:47  Baneling x3  
  27  2:48  Baneling x2  
  25  3:06  Queen  
  25  3:21  Baneling  
  25  3:22  Zergling x2  
  25  3:23  Zergling x4  
  28  3:31  Baneling  
  27  3:36  Queen  
  30  3:55  Drone x3  
  30  3:56  Drone x3  
  34  4:09  Baneling  
  34  4:14  Drone  
  34  4:15  Drone  
  36  4:18  Overlord  
  36  4:19  Overlord  
  36  4:39  Metabolic Boost  
  36  4:40  Drone x2  
  36  4:41  Drone x2  
  36  4:45  Drone x4  
  44  4:49  Overlord  
  44  4:52  Drone  
  45  4:56  Drone  
  45  4:58  Drone  
  47  5:03  Drone x2  
  49  5:10  Extractor  
  49  5:12  Lair  
  49  5:13  Drone  
  49  5:14  Drone  
  50  5:20  Evolution Chamber  
  49  5:23  Roach Warren  
  48  5:33  Drone x5  
  53  5:38  Extractor  
  53  5:41  Drone x3  
  55  5:45  Extractor  
  55  5:46  Drone  
  55  5:50  Zerg Missile Weapons Level 1  
  55  5:52  Drone x3  
  55  5:53  Drone  
  59  6:03  Overlord  
  59  6:06  Overlord  
  59  6:10  Glial Reconstitution  
  59  6:14  Overlord  
  59  6:16  Overseer  
  59  6:23  Roach x4  
  59  6:24  Roach x2  
  70  6:52  Hatchery, Roach x3  
  70  6:53  Roach x4  
  83  6:58  Nydus Network  
  83  7:00  Overlord x2  
  82  7:04  Queen  
  84  7:18  Queen  
  84  7:22  Roach x4  
  96  7:23  Roach x2  
  98  7:33  Baneling  
  98  7:34  Baneling x3  
  98  7:37  Nydus Canal  
  98  7:42  Roach  
  93  8:02  Queen  
  93  8:03  Queen  
  93  8:05  Queen  
  85  8:07  Hydralisk Den  
  76  8:31  Roach  
  76  8:32  Roach x14  
  82  8:58  Muscular Augments  
  80  9:07  Hydralisk x7  
  80  9:08  Hydralisk  
  96  9:21  Overlord x3  
  96  9:35  Nydus Canal  
  96  9:38  Queen  
  96  10:01  Roach x5  
  96  10:02  Roach x7  
Show
View Real Time Build Order
Export as new Build Order

Kenaya Zerg 

Build Orders: Pool First 

Get SALT Encoding   

  12  0:01  Drone  
  13  0:11  Drone  
  13  0:13  Extractor  
  13  0:28  Spawning Pool  
  13  0:32  Drone  
  13  0:37  Drone  
  14  0:42  Extractor  
  14  0:44  Drone  
  15  0:54  Overlord  
  15  1:15  Zergling x2, Metabolic Boost  
  16  1:20  Queen  
  16  1:24  Zergling x2  
  19  1:28  Zergling x2  
  20  1:38  Baneling Nest  
  19  1:40  Zergling x2  
  19  1:45  Zergling x2  
  21  1:52  Overlord  
  21  2:00  Zergling x2  
  22  2:14  Zergling x2  
  23  2:21  Zergling x2  
  24  2:27  Baneling  
  24  2:28  Baneling x3  
  24  2:29  Zergling x4  
  26  2:30  Zergling x2  
  27  2:47  Zergling x4  
  27  3:01  Zergling x2  
  27  3:03  Drone x2  
  30  3:06  Overlord  
  24  3:21  Zergling x2  
  24  3:22  Zergling x2  
  26  3:30  Zergling x2  
  24  3:48  Hatchery  
  20  3:49  Zergling x2  
  20  3:50  Drone x2  
  23  3:58  Drone  
  24  4:08  Zergling x2  
  25  4:17  Queen  
  25  4:18  Overlord  
  27  4:27  Drone x2  
  29  4:32  Drone  
  29  4:34  Drone  
  32  4:45  Drone  
  32  4:55  Drone x3  
  35  5:01  Drone x2  
  35  5:04  Lair  
  37  5:10  Drone  
  37  5:11  Drone  
  39  5:15  Extractor  
  38  5:22  Drone  
  38  5:23  Drone  
  38  5:24  Overlord x2  
  38  5:25  Drone  
  41  5:32  Drone  
  42  5:36  Drone  
  42  5:41  Extractor  
  42  5:42  Extractor  
  41  5:43  Drone  
  41  5:47  Drone  
  43  5:52  Drone x6  
  43  5:56  Drone  
  50  5:58  Drone  
  50  6:02  Spire  
  50  6:09  Drone x2  
  52  6:19  Drone  
  52  6:20  Drone  
  52  6:21  Drone x3  
  57  6:28  Spine Crawler  
  57  6:30  Drone x3  
  57  6:32  Spine Crawler, Overlord  
  58  6:38  Spine Crawler x2  
  51  7:04  Spine Crawler  
  51  7:05  Spine Crawler  
  51  7:06  Spine Crawler  
  48  7:13  Mutalisk x8  
  48  7:15  Mutalisk  
  66  7:19  Zerg Flyer Weapons Level 1  
  69  7:36  Roach Warren  
  68  7:37  Evolution Chamber, Mutalisk x2  
  71  8:00  Mutalisk  
  71  8:01  Mutalisk  
  71  8:02  Zergling x2  
  64  8:22  Roach x2  
  67  8:33  Roach  
  58  8:49  Roach  
  58  8:50  Roach x5  
  68  9:11  Overlord  
  68  9:12  Overlord x5  
  68  9:26  Hatchery  
  65  9:52  Roach  
  65  9:53  Roach x8  
Tags
 
Add a new tag
Caveats
  • Supply blocks, unpowered buildings, or Contaminate may cause inaccurate times.
  • Supply counts are checked every 10 seconds.